 Dungeon Crawl Stone Soup version 0.28.0-43-g3370ac3207 (webtiles) character file.

Game seed: 12466314478884349880

239 weregamer the Insei (level 6, -3/44 HPs)
             Began as a Human Transmuter on Mar 28, 2022.
             Was a Believer of Vehumet.
             Slain by Grinder (4 damage)
             ... on level 4 of the Dungeon.
             The game lasted 00:45:16 (4507 turns).

weregamer the Insei (Human Transmuter)              Turns: 4507, Time: 00:45:17

Health: -3/44      AC:  3    Str: 13    XL:     6   Next: 29%
Magic:  9/10       EV: 12    Int: 13    God:    Vehumet [**....]
Gold:   153        SH:  0    Dex: 13    Spells: 2/10 levels left

rFire   . . .      SeeInvis .     - Unarmed
rCold   . . .      Faith    .   (no shield)
rNeg    . . .      Spirit   .   a - +1 robe
rPois   .          Reflect  .   (no helmet)
rElec   .          Harm     .   (no cloak)
rCorr   .          Rampage  .   (no gloves)
Will    .....                   (no boots)
Stlth   ++........              h - amulet of the acrobat
HPRegen 0.14/turn               (no ring)
MPRegen 0.12/turn               (no ring)

@: wereblooded (expiring)
A: no striking features
a: Renounce Religion


You were on level 4 of the Dungeon.
You worshipped Vehumet.
Vehumet was pleased with you.
You visited 1 branch of the dungeon, and saw 4 of its levels.

You collected 153 gold pieces.

Inventory:

Armour
 a - a +1 robe (worn)
 d - a +0 scale mail
 e - a +0 robe
 f - a +0 plate armour
 k - a +1 helmet
Jewellery
 g - a ring of fire
 h - an amulet of the acrobat (around neck)
Scrolls
 m - a scroll of vulnerability
 n - a scroll of noise {unknown}
Potions
 b - a potion of resistance {unknown}
 c - a potion of might {unknown}
 i - a potion of curing {unknown}
 j - a potion of degeneration {unknown}
 l - 2 potions of flight
 o - a potion of heal wounds {unknown}


   Skills:
 * Level 2.0 Fighting
 + Level 2.3 Dodging
 * Level 2.0 Stealth
 + Level 3.9 Unarmed Combat
 + Level 2.8 Spellcasting
 * Level 3.8 Transmutations
 - Level 0.4 Poison Magic


You had 2 spell levels left.
You knew the following spells:

 Your Spells              Type           Power      Damage    Failure   Level
a - Beastly Appendage     Tmut           22%        N/A       4%          1
b - Wereblood             Tmut           11%        N/A       8%          2
c - Spider Form           Tmut/Pois      7%         N/A       30%         3
d - Poisonous Vapours     Pois/Air       4%         N/A       32%         2

Your spell library contained the following spells:

 Spells                   Type           Power      Damage    Failure   Level
 Frozen Ramparts          Ice            2%         1d2       56%         3
 Ice Form                 Ice/Tmut       6%         N/A       71%         4


Dungeon Overview and Level Annotations

Branches:
Dungeon (4/15)
 Temple: D:4-7

Altars:
Gozag
Vehumet

Shops:
D:3 :

Annotations:
D:4 Grinder


Message History

Grinder gestures at you. You resist with significant effort.
You barely miss Grinder. Your kick misses Grinder.
Your headbutt misses Grinder.
Grinder is heavily wounded.
Grinder hits you.
You writhe in agony.
* * * LOW HITPOINT WARNING * * *
You closely miss Grinder. You claw Grinder.
Grinder is heavily wounded.
Grinder gestures at you.
You shrug off the repeated paralysis!
You hit Grinder.
Grinder is severely wounded.
Grinder hits you.
* * * LOW HITPOINT WARNING * * *
You writhe in agony.
* * * LOW HITPOINT WARNING * * *
You closely miss Grinder. Your kick misses Grinder.
Grinder is severely wounded.
Grinder hits you.
* * * LOW HITPOINT WARNING * * *
You hit Grinder but do no damage. Your kick misses Grinder. You punch Grinder.
Grinder is severely wounded.
Grinder says, "DUCK!"
Grinder blinks!
Your horns disappear.
Your talons disappear.
Grinder grins, showing sharp teeth.
Grinder blinks!
You barely miss Grinder.
Grinder is severely wounded.
Your primal bloodlust is almost over.
Grinder hits you but does no damage.
You closely miss Grinder.
Grinder is severely wounded.
You completely miss Grinder.
Grinder is severely wounded.
Grinder hits you.
* * * LOW HITPOINT WARNING * * *
You writhe in agony.
You die...

#. #. #.
#.
#####.#
#.
#$@...#
#.
#5#####
#.######
#.#
#.<.)..#
#.#
######.#
#.# #.#
#ยง# #.#
#[# #.#
#.# #.#
#.# ##
#.#


You could see Grinder.

Vanquished Creatures
  A bullfrog skeleton (D:3)
  Jessica (D:3)
  Terence (D:2)
  2 orc wizards (D:3)
  An adder (D:3)
  2 worms
  3 dart slugs (D:1)
  An orc (D:3)
  10 ball pythons
  11 endoplasms
  4 giant cockroaches
  6 goblins
  5 hobgoblins
  4 jackals (D:2)
  3 quokkas
  6 bats
  3 frilled lizards
  14 kobolds
  8 rats
86 creatures vanquished.

Notes
Turn   | Place    | Note
-------+----------+-------------------------------------------
     0 | D:1      | weregamer the Human Transmuter began the quest for the Orb.
     0 | D:1      | Reached XP level 1. HP: 15/15 MP: 3/3
   351 | D:1      | Found a faded altar of an unknown god.
   357 | D:1      | Prayed at the altar of an unknown god.
   357 | D:1      | Became a worshipper of Vehumet
   357 | D:1      | Reached * piety under Vehumet
   357 | D:1      | Offered knowledge of Foxfire by Vehumet.
   390 | D:1      | Reached XP level 2. HP: 17/21 MP: 5/5
   727 | D:1      | Learned a level 2 spell: Wereblood
  1050 | D:1      | Reached XP level 3. HP: 26/26 MP: 2/6
  1255 | D:1      | Learned a level 3 spell: Spider Form
  1618 | D:2      | Reached skill level 1 in Stealth
  1678 | D:2      | Noticed Terence
  1691 | D:2      | Reached XP level 4. HP: 13/32 MP: 5/7
  1693 | D:2      | Reached ** piety under Vehumet
  1693 | D:2      | Offered knowledge of Poisonous Vapours by Vehumet.
  1698 | D:2      | Killed Terence
  2132 | D:2      | Found an opulent altar of Gozag.
  2370 | D:2      | Reached XP level 5. HP: 33/38 MP: 4/8
  3126 | D:2      | Learned a level 2 spell: Poisonous Vapours
  3466 | D:3      | Offered knowledge of Frozen Ramparts by Vehumet.
  3800 | D:3      | Found Qauluhel's Book Shop.
  3870 | D:3      | Reached XP level 6. HP: 36/44 MP: 8/10
  3956 | D:3      | Noticed Jessica
  3963 | D:3      | Killed Jessica
  4486 | D:4      | Noticed Grinder
  4495 | D:4      | Paralysed by Grinder for 2 turns
  4507 | D:4      | HP: 1/44 [Grinder (5)]
  4507 | D:4      | Slain by Grinder

Illustrated notes

Levels and vault maps discovered:
D:1:      psy_arrival_radial02, layout_basic, ebering_ecumenical_altar_abandoned
D:2:      minmay_skewed_foursquare, layout_loops_ring, basic_altar,
          kennysheep_decorative_pillar, uniq_terence
D:3:      layout_loops_corners, serial_shops, shop, uniq_jessica
D:4:      layout_loops_ring, minmay_temple_entry_trees, uniq_sigmund,
          uniq_grinder

Skill      XL: |  1  2  3  4  5  6 |
---------------+-------------------+-----
Stealth        | 1 2 |  2.0
Transmutations | 3 |  3.8
Fighting       | 2 |  2.0
Dodging        | |  2.3
Unarmed Combat | |  3.9
Spellcasting   | |  2.8
Poison Magic   | |  0.4

Action                   |  1- 3 |  4- 6 || total
-------------------------+-------+-------++-------
Melee: Unarmed           |    88 |   129 ||   217
       Kick              |    25 |    38 ||    63
       Headbutt          |    12 |    15 ||    27
       Punch             |     2 |     4 ||     6
 Cast: Beastly Appendage |    22 |    32 ||    54
       Wereblood         |    11 |    31 ||    42
  Use: Scroll            |     2 |     2 ||     4
 Stab: Sleeping          |     1 |     5 ||     6
Armor: Robe              |    16 |    16 ||    32
Dodge: Dodged            |    60 |    45 ||   105
